 Dungeon Crawl Stone Soup version 0.19-a0-1740-g0bcaf2e (webtiles) character file.

47 Amnesiac the Digger (level 3, -5/24 HPs)
             Began as a Mummy Earth Elementalist on Oct 2, 2016.
             Slain by an orc
             ... wielding a +0 mace
              (7 damage)
             ... on level 4 of the Dungeon.
             The game lasted 00:01:55 (803 turns).

Amnesiac the Digger (Mummy Earth Elementalist)       Turns: 803, Time: 00:01:57

Health: -5/24      AC:  2    Str: 11    XL:     3   Next: 48%
Magic:  0/6        EV: 12    Int: 14    God:
Gold:   35         SH:  0    Dex: 13    Spells: 3 memorised, 0 levels left

rFire  x . .     SeeInvis .     b - 36 stones
rCold  + . .     Gourm    .     c - +0 robe
rNeg   + + +     Faith    .     (no shield)
rPois  ∞         Spirit   .     (no helmet)
rElec  .         Dismiss  .     (no cloak)
rCorr  .         Reflect  .     (no gloves)
MR     .....     Harm     .     (no boots)
Stlth  ++........               (no amulet)
                                (no ring)
                                (no ring)

@: very slightly contaminated
A: no food or potions, fire vulnerability, cold resistance 1, negative energy
resistance 3, torment resistance, unbreathing
a: no special abilities


You were on level 4 of the Dungeon.
You were not hungry.

You visited 1 branch of the dungeon, and saw 4 of its levels.

You collected 35 gold pieces.

Inventory:

Missiles
 b - 36 stones (in hand)
Armour
 c - a +0 robe (worn)
Jewellery
 e - an uncursed ring of protection from cold {unknown}
Scrolls
 a - a scroll of teleportation {unknown}
Books
 d - a book of Geomancy

   Spells                             Type                      Level
   a - Sandblast                      Earth                        1
   b - Passwall                       Transmutation/Earth          2
   c - Stone Arrow                    Conjuration/Earth            3
   d - Petrify                        Transmutation/Earth          4
   e - Lee's Rapid Deconstruction     Earth                        5


   Skills:
 - Level 1.5 Dodging
 - Level 1.5 Stealth
 - Level 2.0 Spellcasting
 - Level 0.7 Transmutations
 + Level 3.7 Earth Magic


You couldn't memorise any spells.
You knew the following spells:

 Your Spells              Type           Power        Failure   Level  Hunger
e - Stone Arrow           Conj/Erth      #.....       38%         3    N/A
f - Sandblast             Erth           ##....       6%          1    N/A
v - Passwall              Tmut/Erth      #.........   17%         2    N/A

Dungeon Overview and Level Annotations

Branches:
Dungeon (4/15)
 Temple: D:4-7

Altars:
Xom


Innate Abilities, Weirdness & Mutations

You do not eat or drink.
Your flesh is vulnerable to fire.
You are immune to poison.
Your flesh is cold resistant. (rC+)
You are immune to negative energy. (rN+++)
You are immune to unholy pain and torment.
You can survive without breathing.


Message History

Unknown command.
Casting: Sandblast
Confirm with . or Enter, or press ? or * to list all spells.
Aiming: Sandblast
Press: ? - help, Shift-Dir - straight line, f/p - worker ant
Aim: a worker ant The rocky blast misses the worker ant.
The worker ant bites you.
* * * LOW HITPOINT WARNING * * *
Unknown command.
Casting: Sandblast
Confirm with . or Enter, or press ? or * to list all spells.
Aiming: Sandblast
Press: ? - help, Shift-Dir - straight line, f/p - worker ant
Aim: a worker ant The rocky blast hits the worker ant.
The worker ant is heavily wounded.
The worker ant bites you.
* * * LOW HITPOINT WARNING * * *
The orc hits you with a mace!
You die...

#############
.....#.....!#
.....#.#....#
.....#.#.##.############
..............oo@a......
.....#.#.##.########....
.....#...........# #
#####<.......<#
####.#..#.# #.#..#.#
########.#..#.$
.ohoa.......# ##
.o..h...§..#.....


You could see a worker ant and 2 orcs.

Vanquished Creatures
  3 adders
  A leopard gecko (D:3)
  2 orcs (D:4)
  2 hobgoblins (D:3)
  A jackal (D:4)
  A quokka (D:3)
  3 bats
  A frilled lizard (D:3)
  2 goblins (D:2)
  3 rats
19 creatures vanquished.

Notes
Turn   | Place    | Note
-------+----------+-------------------------------------------
     0 | D:1      | Amnesiac the Mummy Earth Elementalist began the quest for the Orb.
     0 | D:1      | Reached XP level 1. HP: 13/13 MP: 3/3
   121 | D:2      | Reached skill level 3 in Earth Magic
   121 | D:2      | Reached XP level 2. HP: 7/19 MP: 0/5
   497 | D:3      | Found a shimmering altar of Xom.
   579 | D:3      | Reached XP level 3. HP: 20/24 MP: 1/6
   583 | D:3      | Learned a level 2 spell: Passwall
   638 | D:3      | Learned a level 3 spell: Stone Arrow
   757 | D:4      | Noticed a bullfrog
   803 | D:4      | Slain by an orc

Vault maps used:
D:1:      minmay_arrival_checkered_box
D:2:      wad_crossroads
D:3:      xom_teletrap_fun
D:4:      serial_shops, shop

Skill      XL: |  1 |
---------------+----+-----
Earth Magic    | 3 |  3.7
Dodging        | |  1.5
Stealth        | |  1.5
Spellcasting   | |  2.0
Transmutations | |  0.7

Action                   || total
-------------------------++-------
 Cast: Sandblast         ||    35
Armor: Robe              ||     2
Dodge: Dodged            ||    18
